General information
- name: BNet
- type: Ladder team game (AT/RT)
- host: Battle.net
- saver: IRapeNoobs
map: Cherryville
- players: 8
- length: 41:03
- speed: Fast
- version: 1.27 W3XP
- replay type: Public
» download(307 KB)
Players
team 1 (winner)

»
thehordling (
green | 46 APM | 901 actions | 19:34)
3 Demon Hunter
2 Mana Burn
1 Evasion
2 Priestess of the Moon
1 Scout
1 Trueshot Aura
» actions
| Assign group hotkey | 2 | |
| Basic commands | 29 | |
| Build / train | 60 | |
| ESC pressed | 4 | |
| Enter build submenu | 17 | |
| Enter hero's abilities submenu | 5 | |
| Give item / drop item | 5 | |
| Right click | 293 | |
| Select / deselect | 426 | |
| Select group hotkey | 1 | |
| Use ability | 59 | |
901 total
» units
| Wisp | 12 | |
| Archer | 8 | |
| Druid of the Talon | 14 | |
| Mountain Giant | 5 | |
| Hippogryph | 1 | |
40 total
» upgrades
| Druid of the Talon Training | 2 | |
| Reinforced Hides | 2 | |
| Hardened Skin | 1 | |
| Resistant Skin | 1 | |
| Strength of the Wild | 1 | |
7 total
» buildings
| Altar of Elders | 1 | |
| Moon Well | 8 | |
| Ancient of War | 1 | |
| Tree of Ages | 3 | |
| Hunter's Hall | 1 | |
| Ancient of Lore | 1 | |
| Ancient of Wind | 2 | |
| Ancient of Wonders | 2 | |
| Tree of Eternity | 2 | |
21 total
» build order
00:10 Altar of Elders
00:21 Moon Well
00:48 Ancient of War
01:27 Moon Well
02:49 Tree of Ages
02:49 Tree of Ages
02:49 Tree of Ages
03:18 Moon Well
04:01 Hunter's Hall
05:30 Ancient of Lore
05:34 Ancient of Wind
05:46 Moon Well
05:58 Ancient of Wonders
06:00 Ancient of Wonders
07:38 Tree of Eternity
07:39 Tree of Eternity
08:06 Moon Well
08:46 Moon Well
11:08 Moon Well
13:14 Moon Well
18:23 Ancient of Wind
» items
IRapeNoobs (
red | 94 APM | 3867 actions | 41:03)
6 Archmage
2 Summon Water Elemental
2 Brilliance Aura
2 Blizzard
3 Blood Mage
2 Flame Strike
1 Siphon Mana
1 Mountain King
1 Avatar
» actions
| Assign group hotkey | 102 | |
| Basic commands | 194 | |
| Build / train | 210 | |
| ESC pressed | 1 | |
| Enter build submenu | 74 | |
| Enter hero's abilities submenu | 11 | |
| Give item / drop item | 8 | |
| Remove unit from queue | 2 | |
| Right click | 1257 | |
| Select / deselect | 552 | |
| Select group hotkey | 1166 | |
| Use ability | 289 | |
3867 total
» units
| Peasant | 16 | |
| Footman | 7 | |
| Dragonhawk Rider | 11 | |
| Gryphon Rider | 5 | |
| Goblin Shredder | 3 | |
| Goblin Zeppelin | 1 | |
| Sorceress | 1 | |
| Wisp | 12 | |
56 total
» upgrades
| Masonry | 3 | |
| Swords | 3 | |
| Lumber Harvesting | 1 | |
| Armor | 3 | |
| Animal War Training | 1 | |
| Storm Hammers | 1 | |
| Cloud | 1 | |
| Sorceress Training | 2 | |
| Well Spring | 1 | |
| Nature's Blessing | 1 | |
17 total
» buildings
| Barracks | 1 | |
| Altar of Kings | 1 | |
| Farm | 13 | |
| Arcane Vault | 1 | |
| Lumber Mill | 1 | |
| Town Hall | 2 | |
| Keep | 8 | |
| Blacksmith | 1 | |
| Scout Tower | 43 | |
| Guard Tower | 60 | |
| Arcane Tower | 1 | |
| Castle | 4 | |
| Gryphon Aviary | 5 | |
| Arcane Sanctum | 1 | |
| Ancient Protector | 13 | |
155 total
» build order
01:12 Barracks
01:14 Altar of Kings
01:17 Farm
01:21 Farm
01:25 Farm
01:41 Arcane Vault
02:23 Farm
02:35 Farm
02:40 Lumber Mill
04:17 Town Hall
05:28 Keep
05:29 Keep
05:34 Blacksmith
05:39 Scout Tower
05:45 Scout Tower
05:46 Scout Tower
05:47 Scout Tower
05:48 Scout Tower
06:40 Guard Tower
06:40 Guard Tower
06:41 Arcane Tower
07:42 Scout Tower
07:43 Scout Tower
07:44 Scout Tower
07:45 Scout Tower
07:50 Castle
07:50 Castle
07:51 Castle
07:52 Gryphon Aviary
07:55 Gryphon Aviary
07:58 Gryphon Aviary
08:20 Guard Tower
08:20 Guard Tower
13:41 Gryphon Aviary
13:43 Gryphon Aviary
13:50 Farm
14:04 Farm
17:18 Arcane Sanctum
17:23 Scout Tower
17:26 Scout Tower
17:30 Scout Tower
17:31 Scout Tower
17:58 Guard Tower
17:58 Guard Tower
18:22 Guard Tower
18:23 Guard Tower
18:23 Guard Tower
18:46 Scout Tower
18:47 Scout Tower
18:48 Scout Tower
18:51 Scout Tower
18:53 Scout Tower
18:54 Scout Tower
18:56 Scout Tower
19:01 Scout Tower
19:03 Scout Tower
19:20 Guard Tower
19:21 Guard Tower
19:21 Guard Tower
19:40 Guard Tower
19:41 Guard Tower
19:47 Guard Tower
19:47 Guard Tower
19:47 Guard Tower
19:52 Scout Tower
19:53 Scout Tower
19:54 Scout Tower
19:55 Scout Tower
19:56 Scout Tower
19:57 Scout Tower
19:58 Scout Tower
20:00 Scout Tower
20:02 Scout Tower
20:03 Scout Tower
20:04 Scout Tower
20:18 Guard Tower
20:18 Guard Tower
20:19 Guard Tower
20:19 Guard Tower
20:20 Guard Tower
20:20 Guard Tower
20:22 Guard Tower
20:23 Guard Tower
20:23 Guard Tower
20:23 Keep
20:23 Keep
20:24 Keep
20:24 Guard Tower
20:24 Guard Tower
20:26 Guard Tower
20:26 Guard Tower
20:26 Guard Tower
20:27 Guard Tower
20:27 Guard Tower
20:27 Guard Tower
20:31 Guard Tower
20:31 Guard Tower
20:31 Guard Tower
20:35 Scout Tower
20:36 Scout Tower
20:38 Scout Tower
20:44 Scout Tower
20:45 Scout Tower
20:49 Guard Tower
20:49 Guard Tower
20:49 Guard Tower
20:50 Guard Tower
21:02 Ancient Protector
21:04 Guard Tower
22:03 Guard Tower
22:03 Guard Tower
22:03 Guard Tower
23:08 Ancient Protector
23:09 Ancient Protector
23:11 Ancient Protector
23:12 Ancient Protector
23:13 Ancient Protector
23:17 Ancient Protector
23:17 Ancient Protector
23:20 Ancient Protector
23:22 Ancient Protector
23:23 Ancient Protector
23:24 Ancient Protector
23:25 Ancient Protector
25:25 Farm
25:26 Farm
25:27 Farm
25:30 Farm
25:32 Farm
25:34 Farm
35:27 Town Hall
38:30 Scout Tower
38:32 Scout Tower
38:33 Scout Tower
38:34 Scout Tower
38:36 Scout Tower
» items
| Scroll of Regeneration | 8 | |
| Mechanical Critter | 2 | |
| Tome of Retraining | 1 | |
| Staff of Teleportation | 2 | |
| Potion of Invisibility | 5 | |
| Circlet of Nobility | 1 | |
| Periapt of Vitality | 1 | |
| Staff of Sanctuary | 1 | |
| Lesser Clarity Potion | 2 | |
| Scroll of Town Portal | 1 | |
24 total

»
agentknox666 (
pink | 80 APM | 2823 actions | 35:06)
5 Mountain King
2 Storm Bolt
3 Bash
1 Priestess of the Moon
1 Trueshot Aura
1 Paladin
1 Holy Light
1 Archmage
1 Summon Water Elemental
» actions
| Basic commands | 18 | |
| Build / train | 430 | |
| Enter build submenu | 88 | |
| Enter hero's abilities submenu | 8 | |
| Give item / drop item | 1 | |
| Remove unit from queue | 19 | |
| Right click | 1388 | |
| Select / deselect | 701 | |
| Use ability | 160 | |
2823 total
» units
| Peasant | 53 | |
| Footman | 22 | |
| Rifleman | 21 | |
| Gryphon Rider | 68 | |
| Dragonhawk Rider | 10 | |
| Knight | 3 | |
| Faerie Dragon | 6 | |
183 total
» upgrades
| Masonry | 3 | |
| Gunpowder | 1 | |
| Swords | 3 | |
| Long Rifles | 1 | |
| Lumber Harvesting | 2 | |
| Armor | 2 | |
| Plating | 1 | |
| Storm Hammers | 1 | |
| Animal War Training | 1 | |
| Cloud | 1 | |
16 total
» buildings
| Altar of Kings | 2 | |
| Barracks | 2 | |
| Farm | 16 | |
| Lumber Mill | 2 | |
| Scout Tower | 32 | |
| Arcane Tower | 10 | |
| Arcane Vault | 3 | |
| Guard Tower | 85 | |
| Blacksmith | 1 | |
| Keep | 3 | |
| Town Hall | 4 | |
| Castle | 3 | |
| Gryphon Aviary | 5 | |
168 total
» build order
00:16 Altar of Kings
00:21 Barracks
00:47 Farm
01:29 Farm
01:58 Lumber Mill
02:09 Farm
02:19 Scout Tower
02:23 Scout Tower
02:48 Arcane Tower
02:48 Arcane Tower
02:51 Farm
02:53 Farm
03:13 Farm
03:21 Arcane Vault
03:26 Guard Tower
03:26 Guard Tower
03:55 Farm
04:32 Scout Tower
04:38 Blacksmith
05:01 Scout Tower
05:08 Guard Tower
05:08 Guard Tower
05:49 Keep
05:49 Keep
05:56 Guard Tower
05:57 Guard Tower
07:15 Farm
07:18 Farm
07:59 Town Hall
09:06 Scout Tower
09:08 Scout Tower
09:10 Scout Tower
09:13 Scout Tower
09:42 Guard Tower
09:42 Guard Tower
09:51 Scout Tower
09:58 Guard Tower
09:59 Guard Tower
09:59 Guard Tower
10:02 Guard Tower
10:03 Guard Tower
10:03 Guard Tower
10:53 Guard Tower
10:53 Guard Tower
11:05 Lumber Mill
11:39 Castle
11:40 Castle
12:39 Gryphon Aviary
12:44 Gryphon Aviary
13:40 Farm
13:43 Farm
13:46 Farm
14:17 Farm
14:21 Farm
14:53 Gryphon Aviary
15:17 Arcane Tower
15:18 Arcane Tower
17:20 Town Hall
17:51 Scout Tower
17:52 Scout Tower
17:54 Scout Tower
18:25 Guard Tower
18:25 Guard Tower
18:28 Guard Tower
18:29 Guard Tower
18:29 Guard Tower
19:43 Guard Tower
19:44 Guard Tower
20:17 Gryphon Aviary
20:31 Scout Tower
21:02 Scout Tower
21:03 Guard Tower
21:03 Guard Tower
21:04 Guard Tower
21:35 Guard Tower
21:35 Guard Tower
21:37 Scout Tower
21:48 Scout Tower
22:12 Arcane Vault
22:17 Guard Tower
22:18 Guard Tower
22:38 Guard Tower
22:38 Guard Tower
22:43 Scout Tower
22:45 Scout Tower
23:01 Scout Tower
23:19 Guard Tower
23:20 Guard Tower
23:23 Scout Tower
23:30 Scout Tower
23:33 Scout Tower
23:41 Guard Tower
23:41 Guard Tower
23:42 Guard Tower
23:48 Guard Tower
23:48 Guard Tower
23:56 Arcane Tower
24:05 Arcane Tower
24:05 Arcane Tower
24:05 Arcane Tower
24:14 Guard Tower
24:14 Guard Tower
24:15 Guard Tower
27:55 Town Hall
28:07 Scout Tower
28:14 Scout Tower
28:23 Scout Tower
28:31 Scout Tower
28:34 Scout Tower
28:46 Guard Tower
28:47 Guard Tower
30:28 Scout Tower
30:30 Scout Tower
30:32 Scout Tower
30:56 Guard Tower
30:58 Scout Tower
31:02 Scout Tower
31:03 Guard Tower
31:04 Guard Tower
31:30 Town Hall
32:57 Guard Tower
32:57 Guard Tower
32:58 Guard Tower
32:58 Guard Tower
33:22 Gryphon Aviary
33:28 Altar of Kings
33:35 Barracks
34:12 Arcane Vault
34:17 Farm
34:19 Farm
» items
| Scroll of Regeneration | 8 | |
| Lesser Clarity Potion | 6 | |
| Potion of Lesser Invulnerability | 2 | |
| Scroll of Healing | 4 | |
| Potion of Healing | 5 | |
| Scroll of Town Portal | 1 | |
| Orb of Fire | 11 | |
37 total
Proud_2be_Black (
orange | 57 APM | 1133 actions | 20:02)
3 Archmage
1 Summon Water Elemental
2 Blizzard
2 Mountain King
1 Storm Bolt
1 Bash
2 Paladin
1 Holy Light
1 Divine Shield
» actions
| Assign group hotkey | 137 | |
| Basic commands | 44 | |
| Build / train | 65 | |
| ESC pressed | 1 | |
| Enter build submenu | 36 | |
| Enter hero's abilities submenu | 7 | |
| Right click | 543 | |
| Select / deselect | 210 | |
| Select group hotkey | 32 | |
| Use ability | 58 | |
1133 total
» units
| Peasant | 16 | |
| Footman | 2 | |
| Goblin Shredder | 1 | |
| Gryphon Rider | 9 | |
28 total
» upgrades
| Masonry | 2 | |
| Gunpowder | 1 | |
| Swords | 3 | |
| Armor | 2 | |
| Lumber Harvesting | 2 | |
| Storm Hammers | 1 | |
| Barrage | 1 | |
| Fragmentation Shards | 1 | |
13 total
» buildings
| Altar of Kings | 1 | |
| Farm | 14 | |
| Lumber Mill | 1 | |
| Scout Tower | 14 | |
| Barracks | 1 | |
| Arcane Tower | 1 | |
| Town Hall | 1 | |
| Keep | 1 | |
| Guard Tower | 9 | |
| Blacksmith | 1 | |
| Arcane Vault | 2 | |
| Castle | 1 | |
| Gryphon Aviary | 4 | |
| Workshop | 1 | |
52 total
» build order
00:11 Altar of Kings
00:15 Farm
00:17 Farm
00:58 Lumber Mill
01:28 Scout Tower
01:53 Barracks
01:57 Arcane Tower
02:11 Farm
04:01 Town Hall
04:36 Scout Tower
04:43 Keep
04:52 Scout Tower
04:55 Scout Tower
04:58 Scout Tower
05:08 Guard Tower
05:20 Farm
05:24 Guard Tower
05:27 Guard Tower
05:29 Guard Tower
06:41 Blacksmith
07:01 Arcane Vault
07:08 Castle
08:04 Farm
08:05 Farm
08:06 Farm
08:08 Farm
08:09 Farm
08:11 Farm
08:24 Arcane Vault
09:19 Gryphon Aviary
09:37 Workshop
09:59 Gryphon Aviary
10:07 Gryphon Aviary
10:13 Gryphon Aviary
11:20 Scout Tower
11:23 Scout Tower
11:25 Scout Tower
11:35 Scout Tower
11:43 Scout Tower
11:49 Scout Tower
11:52 Scout Tower
11:59 Guard Tower
12:09 Guard Tower
12:16 Guard Tower
13:13 Guard Tower
13:25 Farm
13:36 Farm
13:38 Farm
14:33 Scout Tower
14:35 Scout Tower
16:23 Guard Tower
16:27 Farm
» items
| Scroll of Town Portal | 1 | |
| Potion of Healing | 1 | |
2 total
team 2 (loser)

»
Sh00ter (
blue | 76 APM | 2934 actions | 38:37)
6 Archmage
3 Summon Water Elemental
2 Brilliance Aura
1 Mass Teleport
4 Mountain King
2 Storm Bolt
2 Bash
3 Paladin
2 Holy Light
1 Divine Shield
» actions
| Assign group hotkey | 50 | |
| Basic commands | 306 | |
| Build / train | 125 | |
| Enter build submenu | 45 | |
| Enter hero's abilities submenu | 13 | |
| Give item / drop item | 4 | |
| Right click | 945 | |
| Select / deselect | 620 | |
| Select group hotkey | 715 | |
| Use ability | 110 | |
2934 total
» units
| Peasant | 12 | |
| Footman | 10 | |
| Goblin Shredder | 5 | |
| Rifleman | 1 | |
| Gryphon Rider | 12 | |
| Mortar Team | 9 | |
| Siege Engine | 2 | |
51 total
» upgrades
| Masonry | 2 | |
| Lumber Harvesting | 1 | |
| Swords | 2 | |
| Animal War Training | 1 | |
| Storm Hammers | 1 | |
| Fragmentation Shards | 1 | |
| Flare | 1 | |
| Flak Cannons | 1 | |
| Cloud | 1 | |
| Gunpowder | 3 | |
| Barrage | 1 | |
15 total
» buildings
| Altar of Kings | 1 | |
| Farm | 15 | |
| Barracks | 1 | |
| Scout Tower | 11 | |
| Arcane Tower | 1 | |
| Lumber Mill | 1 | |
| Town Hall | 2 | |
| Keep | 1 | |
| Guard Tower | 4 | |
| Castle | 4 | |
| Blacksmith | 1 | |
| Gryphon Aviary | 5 | |
| Workshop | 2 | |
| Arcane Vault | 2 | |
51 total
» build order
00:12 Altar of Kings
00:20 Farm
00:23 Barracks
01:01 Farm
01:41 Farm
01:44 Scout Tower
03:01 Farm
03:05 Arcane Tower
03:08 Lumber Mill
04:18 Town Hall
04:41 Farm
05:32 Keep
06:55 Scout Tower
06:56 Scout Tower
06:58 Scout Tower
07:02 Scout Tower
07:41 Guard Tower
07:53 Castle
07:53 Castle
08:04 Blacksmith
08:26 Gryphon Aviary
09:35 Gryphon Aviary
09:37 Gryphon Aviary
10:08 Scout Tower
10:11 Guard Tower
10:41 Guard Tower
10:57 Farm
10:59 Farm
11:01 Farm
11:27 Workshop
11:36 Workshop
13:13 Arcane Vault
13:15 Arcane Vault
13:46 Farm
13:48 Farm
14:54 Farm
14:56 Farm
16:36 Scout Tower
16:37 Scout Tower
16:37 Scout Tower
16:40 Scout Tower
16:40 Scout Tower
16:42 Farm
16:43 Farm
16:43 Farm
17:35 Guard Tower
18:12 Gryphon Aviary
18:13 Gryphon Aviary
31:11 Town Hall
» items
| Healing Salve | 1 | |
| Staff of Sanctuary | 2 | |
| Orb of Fire | 1 | |
| Scroll of Town Portal | 2 | |
| Potion of Healing | 3 | |
| Potion of Lesser Invulnerability | 1 | |
10 total
5GOD.D (
teal | 75 APM | 3084 actions | 41:01)
6 Blademaster
3 Wind Walk
2 Critical Strike
1 Bladestorm
» actions
| Assign group hotkey | 41 | |
| Basic commands | 208 | |
| Build / train | 81 | |
| Enter build submenu | 28 | |
| Enter hero's abilities submenu | 6 | |
| Give item / drop item | 4 | |
| Remove unit from queue | 1 | |
| Right click | 1245 | |
| Select / deselect | 284 | |
| Select group hotkey | 1065 | |
| Use ability | 121 | |
3084 total
» units
| Peon | 13 | |
| Grunt | 3 | |
| Goblin Shredder | 10 | |
| Wind Rider | 16 | |
| Goblin Sapper | 9 | |
51 total
» upgrades
| Ranged Weapons | 2 | |
| Armor | 2 | |
| Reinforced Defenses | 1 | |
| Envenomed Spears | 1 | |
6 total
» buildings
| Altar of Storms | 1 | |
| Orc Burrow | 7 | |
| Barracks | 1 | |
| Voodoo Lounge | 1 | |
| Stronghold | 1 | |
| War Mill | 1 | |
| Great Hall | 2 | |
| Watch Tower | 28 | |
| Fortress | 1 | |
| Beastiary | 4 | |
47 total
» build order
00:07 Altar of Storms
00:22 Orc Burrow
00:37 Barracks
01:28 Orc Burrow
01:57 Voodoo Lounge
03:00 Stronghold
03:53 War Mill
04:19 Great Hall
04:52 Orc Burrow
06:12 Watch Tower
06:13 Watch Tower
06:13 Watch Tower
06:34 Fortress
06:59 Watch Tower
07:16 Orc Burrow
07:19 Beastiary
07:28 Watch Tower
07:45 Beastiary
10:15 Watch Tower
10:15 Watch Tower
10:16 Watch Tower
10:16 Watch Tower
10:49 Watch Tower
10:49 Watch Tower
10:51 Watch Tower
10:52 Watch Tower
10:53 Watch Tower
11:20 Beastiary
14:32 Orc Burrow
15:32 Orc Burrow
15:39 Watch Tower
15:41 Watch Tower
15:43 Watch Tower
17:22 Great Hall
17:24 Watch Tower
17:25 Watch Tower
17:25 Watch Tower
17:25 Watch Tower
17:59 Watch Tower
18:00 Watch Tower
18:34 Watch Tower
18:34 Watch Tower
18:35 Watch Tower
18:42 Orc Burrow
20:48 Watch Tower
20:49 Watch Tower
20:56 Beastiary
» items
| Healing Salve | 3 | |
| Staff of Teleportation | 1 | |
| Orb of Lightning | 1 | |
| Scroll of Town Portal | 3 | |
| Scroll of Regeneration | 1 | |
9 total

»
DaaNooB (
yellow | 100 APM | 3876 actions | 38:41)
9 Mountain King
3 Storm Bolt
3 Bash
1 Avatar
2 Thunder Clap
» actions
| Assign group hotkey | 28 | |
| Basic commands | 32 | |
| Build / train | 76 | |
| ESC pressed | 2 | |
| Enter build submenu | 40 | |
| Enter hero's abilities submenu | 9 | |
| Give item / drop item | 1 | |
| Right click | 2056 | |
| Select / deselect | 630 | |
| Select group hotkey | 904 | |
| Use ability | 96 | |
3876 total
» units
| Peasant | 16 | |
| Footman | 3 | |
| Dragonhawk Rider | 4 | |
| Gryphon Rider | 13 | |
36 total
» upgrades
| Lumber Harvesting | 2 | |
| Swords | 3 | |
| Backpack | 1 | |
| Armor | 2 | |
| Masonry | 3 | |
| Storm Hammers | 1 | |
| Magic Sentry | 1 | |
| Control Magic | 1 | |
14 total
» buildings
| Farm | 14 | |
| Altar of Kings | 1 | |
| Barracks | 1 | |
| Arcane Vault | 1 | |
| Lumber Mill | 1 | |
| Blacksmith | 1 | |
| Keep | 1 | |
| Town Hall | 3 | |
| Scout Tower | 5 | |
| Arcane Tower | 4 | |
| Gryphon Aviary | 3 | |
| Castle | 1 | |
| Arcane Sanctum | 2 | |
38 total
» build order
00:03 Farm
00:13 Altar of Kings
00:26 Barracks
00:50 Farm
01:34 Farm
02:24 Arcane Vault
02:46 Lumber Mill
02:56 Blacksmith
03:16 Keep
04:31 Town Hall
04:36 Town Hall
04:41 Scout Tower
04:43 Scout Tower
05:14 Arcane Tower
05:15 Arcane Tower
06:40 Gryphon Aviary
07:18 Gryphon Aviary
07:53 Farm
08:00 Farm
08:21 Castle
08:38 Farm
09:17 Farm
09:24 Scout Tower
09:26 Scout Tower
09:37 Gryphon Aviary
10:46 Farm
10:51 Farm
10:54 Arcane Tower
10:58 Farm
12:13 Arcane Sanctum
13:16 Arcane Sanctum
16:52 Scout Tower
17:26 Arcane Tower
21:27 Farm
21:30 Farm
21:32 Farm
22:13 Farm
34:49 Town Hall
» items
| Scroll of Regeneration | 2 | |
| Mechanical Critter | 2 | |
| Orb of Corruption | 1 | |
| Scroll of Healing | 2 | |
| Potion of Healing | 1 | |
| Lesser Clarity Potion | 1 | |
| Scroll of Town Portal | 1 | |
10 total
ChopJudo (
purple | 22 APM | 881 actions | 39:34)
6 Lich
3 Frost Nova
2 Dark Ritual
1 Death and Decay
4 Dark Ranger
2 Black Arrow
2 Life Drain
» actions
| Assign group hotkey | 21 | |
| Basic commands | 67 | |
| Build / train | 82 | |
| Enter build submenu | 27 | |
| Enter hero's abilities submenu | 10 | |
| Give item / drop item | 1 | |
| Right click | 295 | |
| Select / deselect | 228 | |
| Select group hotkey | 91 | |
| Use ability | 58 | |
881 total
» units
| Acolyte | 18 | |
| Ghoul | 13 | |
| Crypt Fiend | 13 | |
| Assassin | 1 | |
| Kobold | 1 | |
| Obsidian Statue | 3 | |
| Gargoyle | 6 | |
55 total
» upgrades
| Creature Attack | 2 | |
| Web | 1 | |
| Destroyer Form | 1 | |
| Creature Carapace | 2 | |
6 total
» buildings
| Ziggurat | 13 | |
| Altar of Darkness | 1 | |
| Crypt | 1 | |
| Graveyard | 1 | |
| Halls of the Dead | 3 | |
| Tomb of Relics | 1 | |
| Slaughterhouse | 1 | |
| Black Citadel | 1 | |
| Spirit Tower | 4 | |
| Necropolis | 1 | |
| Nerubian Tower | 1 | |
28 total
» build order
00:15 Ziggurat
00:19 Altar of Darkness
00:30 Crypt
01:21 Graveyard
01:37 Ziggurat
03:15 Halls of the Dead
04:01 Ziggurat
05:38 Tomb of Relics
06:19 Slaughterhouse
07:00 Ziggurat
09:56 Black Citadel
10:19 Spirit Tower
13:24 Spirit Tower
15:32 Ziggurat
15:34 Ziggurat
15:46 Necropolis
18:45 Ziggurat
20:18 Halls of the Dead
20:18 Halls of the Dead
22:40 Spirit Tower
22:42 Nerubian Tower
22:46 Ziggurat
22:49 Ziggurat
22:52 Ziggurat
23:49 Spirit Tower
35:21 Ziggurat
35:23 Ziggurat
35:26 Ziggurat
Chat log
(00:29 / Allies) thehordling: omg everyone's here?
(00:35 / Allies) thehordling: it's a miracle!
(00:40 / Allies) agentknox666: praise jesus
(09:28 / Allies) thehordling: destroyers for purple
(10:00 / All) 5GOD.D: forgot knox hacks
(12:57 / Allies) IRapeNoobs: hit there
(15:34 / Allies) thehordling: im ok trading expo for main
(16:42 / Allies) Proud_2be_Black: pink is on follo
(17:23 / Allies) thehordling: 3 of them are on air
(17:38 / Allies) thehordling: red wanna share some of that gold?
(17:47 / Allies) IRapeNoobs: What are you going to trade for it, pal?
(17:51 / Allies) IRapeNoobs: I don't give it away just for free
(17:55 / Allies) thehordling: lol it's a team game
(17:56 / Allies) IRapeNoobs: you better have a good offfer
(19:38 / All) Proud_2be_Black: red has fuking nothin
(19:44 / All) IRapeNoobs: I have 50 food and heroes
(23:41 / All) Sh00ter: lol
(23:43 / All) Sh00ter: motar imba
(24:25 / All) Sh00ter: fuck u
(24:26 / All) Sh00ter: lol
(24:34 / All) Sh00ter: wtf
(25:11 / All) Sh00ter: he tk me
(25:30 / All) 5GOD.D: hit pink or green
(25:32 / All) 5GOD.D: i got this
(27:05 / All) 5GOD.D: k
(27:06 / All) 5GOD.D: sorry
(28:17 / All) Sh00ter: wtf
(28:21 / All) 5GOD.D: tell blue to stop
(28:33 / Allies) IRapeNoobs: That's my expo
(28:35 / All) Sh00ter: he kept on thitting me
(28:36 / Allies) IRapeNoobs: Cancel that
(28:39 / Allies) IRapeNoobs: Or I kill everything of yours
(28:44 / Allies) IRapeNoobs: cancel
(29:04 / All) 5GOD.D: blue is ahacker i played him before
(29:06 / All) 5GOD.D: this is why
(29:55 / All) 5GOD.D: blue jus tstop
(29:56 / All) 5GOD.D: seriously
(30:52 / All) 5GOD.D: attack ink
(30:53 / All) 5GOD.D: pink
(30:56 / All) 5GOD.D: attack pink
(31:00 / All) 5GOD.D: blue is a hacker
(31:02 / All) 5GOD.D: i played him before
(31:36 / All) 5GOD.D: WHY DO I KEEP GETTING FAGGOT SLIKE BLUE
(31:51 / All) ChopJudo: TEAL IS TKER
(31:53 / All) Sh00ter: see
(32:34 / All) 5GOD.D: blue ur such a faggot
(33:52 / All) 5GOD.D: blue seriously stfu
(35:00 / All) agentknox666: red tks
(35:03 / Allies) agentknox666: gg noob red
(35:07 / All) IRapeNoobs: hacker down
(35:08 / All) ChopJudo: SO DOES TEAL
(35:27 / All) Sh00ter: he tk me
(35:28 / All) Sh00ter: lol
(36:48 / All) Sh00ter: he tk u now
(36:54 / All) Sh00ter: u guys need to stop hitting enemies
(36:54 / All) 5GOD.D: blue ur such a loser lol
(37:00 / All) 5GOD.D: faggot wants every win
(37:20 / All) Sh00ter: teal is a team killer
(37:21 / All) Sh00ter: lol
(37:38 / All) Sh00ter: !ban 5god.d
(37:39 / All) 5GOD.D: its over
(37:57 / All) Sh00ter: teal u bitch
(38:00 / All) Sh00ter: u dick sucker
(38:01 / All) Sh00ter: lol
(38:06 / All) 5GOD.D: blue stfu u nigger
(38:10 / All) Sh00ter: lmao
(38:13 / All) Sh00ter: umodafuker
(38:18 / All) Sh00ter: good yellow
(38:21 / All) Sh00ter: kill that bitch
(38:21 / All) ChopJudo: TEAL THE HOUSE NI
(38:28 / All) Sh00ter: hey guys
(38:31 / All) Sh00ter: let's all leave
(38:33 / All) Sh00ter: let him kill it
(39:39 / All) IRapeNoobs: lmao
(39:44 / All) IRapeNoobs: I was about to go afk and take ap iss
(39:46 / All) 5GOD.D: me lose or u
(39:49 / All) IRapeNoobs: and they all leave on after the other
(39:58 / All) IRapeNoobs: dunno
(40:02 / All) IRapeNoobs: stats them
(40:11 / All) 5GOD.D: blue 21-21
(40:44 / All) 5GOD.D: idc who
(40:55 / All) IRapeNoobs: your team lose
(40:58 / All) IRapeNoobs: yours stayed longer